Sasquatch vs Thunder
Created - 14 février 2017 at 20:03
Goals
|
Sasquatch |
1 |
2 |
1 |
0 |
1 |
5 |
Thunder |
2 |
0 |
2 |
0 |
0 |
4 |
|
Shots
|
Sasquatch |
5 |
15 |
13 |
4 |
3 |
37 |
Thunder |
12 |
7 |
7 |
3 |
3 |
29 |
|
1st period
1. Sasquatch , Stephane Da Costa 17 (Brock Trotter, James Wisniewski) at 15:38
2. Thunder , Jay Beagle 20 (David Fischer, Magnus Paajarvi-Svensson) at 15:55
3. Thunder , Dany Roussin 26 (Pierre-Alexandre Parenteau, Daultan Leveillé) at 16:42 (PP)
Penalties :
Stephane Da Costa (Gat) for High sticking (Minor) at 6:01, Peter Andersson (TRO) for Tripping (Minor) at 8:15, Garnet Hathaway (Gat) for Hooking (Minor) at 13:06, Garnet Hathaway (Gat) for Holding (Minor) at 16:31, Jay Beagle (TRO) for Tripping (Minor) at 17:31
2nd period
4. Sasquatch , D.J King 10 (Jonathan Blum, Lars Eller) at 13:42
5. Sasquatch , James Wisniewski 2 (D.J King, Stephane Da Costa) at 14:55 (PP)
Penalties :
Joey Ryan (TRO) for High sticking (Minor) at 14:05
3rd period
6. Thunder , Jay Beagle 21 (Joey Ryan, Magnus Paajarvi-Svensson) at 0:10
7. Sasquatch , Lars Eller 26 (D.J King) at 9:50
8. Thunder , Dalton Smith 1 (Robin Leblanc, Joey Ryan) at 13:02
Penalties :
Linus Omark (Gat) for Interference (Minor) at 3:54, David Clarkson (TRO) for Interference (Minor) at 15:48
Overtime #1
No Goal
Penalties :
No Penalty
Shootout
Penalty Shot by Linus Omark for Sasquatch - Stopped by Erik Ersberg
Penalty Shot by Dany Roussin for Thunder - Shot Misses the Net
Penalty Shot by Lars Eller for Sasquatch - Stopped by Erik Ersberg
Penalty Shot by Pierre-Alexandre Parenteau for Thunder - Shot Misses the Net
Penalty Shot by Jason Akeson for Sasquatch - Goal!
Penalty Shot by Jay Beagle for Thunder - Shot Misses the Net
Penalties :
No Penalty
Goalie Stats
Corey Crawford (Gat), 25 saves from 29 shots - (0,862), W, 19-5-1, 65:00 minutes
Erik Ersberg (TRO), 33 saves from 37 shots - (0,892), OTL, 7-4-1, 65:00 minutes
Players Stats for Sasquatch
Player Name G A P +/- PIM S H SB GA TA FO MP PP MP PK MP
------------------------------------------------------------------------------------
Andrej Sustr 0 0 0 1 0 0 3 0 0 0 0/0 19:15 2:46 2:48
Brock Trotter 0 1 1 1 0 4 3 0 1 0 0/0 12:33 0:00 2:01
D.J King 1 2 3 2 0 2 3 1 1 0 0/1 22:01 3:14 3:18
Drew Shore 0 0 0 -1 0 0 1 3 0 0 3/7 13:39 0:00 3:12
Garnet Hathaway 0 0 0 2 4 0 1 0 0 0 0/0 14:06 0:00 0:00
James Wisniewski 1 1 2 -1 0 2 1 3 0 0 0/0 27:45 2:46 2:48
Jason Akeson 0 0 0 -2 0 3 0 1 0 0 1/1 20:16 3:33 0:00
Jesper Fast 0 0 0 -1 0 0 1 0 0 0 0/0 6:55 0:00 0:00
Jonathan Blum 0 1 1 -1 0 5 1 1 0 1 0/0 28:35 4:01 2:55
Josh Bailey 0 0 0 -2 0 3 3 0 0 0 12/31 19:36 0:08 0:07
Lars Eller 1 1 2 2 0 5 2 0 1 0 10/15 18:58 3:33 1:53
Linus Omark 0 0 0 -2 2 5 4 1 1 0 2/3 23:13 3:33 1:24
Nick Leddy 0 0 0 1 0 3 0 0 2 1 0/0 26:44 4:01 0:25
Ryan Strome 0 0 0 1 0 0 1 0 0 0 0/0 12:15 3:06 0:00
Stephane Da Costa 1 1 2 1 2 2 1 0 1 0 5/7 13:16 3:14 0:21
Teemu Hartikainen 0 0 0 -1 0 2 0 0 0 0 0/0 8:53 0:00 0:00
Yann Sauvé 0 0 0 0 0 1 0 2 0 1 0/0 24:40 0:00 3:20
Yannick Weber 0 0 0 0 0 0 0 0 0 0 0/0 1:08 0:00 0:00
Players Stats for Thunder
Player Name G A P +/- PIM S H SB GA TA FO MP PP MP PK MP
------------------------------------------------------------------------------------
Dalton Smith 1 0 1 0 0 1 0 0 0 0 0/0 6:36 0:00 0:00
Dany Roussin 1 0 1 -2 0 2 2 1 1 0 7/11 25:49 3:30 3:33
Daultan Leveillé 0 1 1 0 0 3 0 0 0 0 5/9 8:13 2:19 0:00
David Clarkson 0 0 0 0 2 1 1 0 1 2 0/0 13:32 0:00 1:20
David Fischer 0 1 1 -1 0 3 3 2 0 0 0/0 32:23 3:20 4:06
David Wolf 0 0 0 0 0 1 2 0 0 0 0/0 12:37 0:00 1:46
Evgeny Kuznetsov 0 0 0 2 0 2 1 1 0 1 7/22 20:05 2:38 1:00
Jared Staal 0 0 0 -2 0 0 5 1 0 0 9/17 13:52 0:47 0:00
Jay Beagle 2 0 2 2 2 6 1 0 0 0 0/0 17:53 2:38 1:11
Joe Labate 0 0 0 0 0 0 1 0 0 0 1/2 6:36 0:00 0:00
Joey Ryan 0 2 2 -1 2 0 3 3 0 1 0/0 30:05 3:20 3:18
Josiah Didier 0 0 0 0 0 0 0 2 0 0 0/0 12:33 0:00 0:51
Kelly Zajac 0 0 0 0 0 0 0 0 0 0 0/1 9:29 0:00 0:00
Magnus Paajarvi-Svensson 0 2 2 2 0 0 2 0 0 1 1/1 18:41 2:38 1:19
Peter Andersson 0 0 0 1 2 1 1 1 0 1 0/0 24:29 2:48 2:26
Pierre-Alexandre Parente 0 1 1 -2 0 5 0 1 1 0 1/1 25:25 3:30 3:39
Robin Leblanc 0 1 1 0 0 3 4 0 0 0 1/1 8:48 0:24 0:00
Tyson Barrie 0 0 0 1 0 1 2 1 0 1 0/0 26:03 2:48 2:39
3 Stars
1 - D.J King (Gat)
2 - Lars Eller (Gat)
3 - Jay Beagle (TRO)
Power Play
Sasquatch - 1 on 4 Attempt(s) - 25,00%
Thunder - 1 on 4 Attempt(s) - 25,00%
Penalty Kill
Sasquatch - 3 on 4 Attempt(s) - 75,00%
- Score 0 goal in Penalty Kill
Thunder - 3 on 4 Attempt(s) - 75,00%
- Score 0 goal in Penalty Kill
Team Stat
Sasquatch - Hits : 25 - Faceoff Wins : 33 - Blocked Shots : 12 - Penalty Minutes : 8
Thunder - Hits : 28 - Faceoff Wins : 32 - Blocked Shots : 13 - Penalty Minutes : 8
Official
Referees : Rehman Kyle and Joannette Marc
Linesman : Ryan Galloway and Brad Lazarowich
Game Notes
Yannick Weber is injured at 4:53 of 1st period (Sprained Right Finger)
Daultan Leveillé is injured at 4:33 of 2nd period (Strained Right Elbow)
Finance
Level 1 -- Attendance: 1464 (73,20%) -- Ticket Income 51 240 $
Level 2 -- Attendance: 712 (71,20%) -- Ticket Income 10 680 $
Total Attendance: 2176 (72,53%)
Total Ticket Income: 61 920 $
Other Income: 3 096 $
Total Income: 65 016 $
Sasquatch
5 vs 5 Forward
Center Left Wing Right Wing Time % Phy DF OF
1 Josh Bailey Linus Omark Jason Akeson 40 1 2 2
2 Lars Eller D.J King Garnet Hathaway 30 1 2 2
3 Stephane Da Costa Brock Trotter Ryan Strome 20 1 2 2
4 Drew Shore Teemu Hartikainen Jesper Fast 10 1 2 2
5 vs 5 Defense
Defense Defense Time % Phy DF OF
1 Nick Leddy Yann Sauvé 40 1 2 2
2 James Wisniewski Jonathan Blum 30 1 2 2
3 Andrej Sustr Yannick Weber 20 1 2 2
4 Jonathan Blum Nick Leddy 10 1 2 2
PowerPlay Forward
Center Left Wing Right Wing Time % Phy DF OF
1 Lars Eller Linus Omark Jason Akeson 60 1 2 2
2 Stephane Da Costa D.J King Ryan Strome 40 1 2 2
PowerPlay Defense
Defense Defense Time % Phy DF OF
1 Nick Leddy Jonathan Blum 60 1 2 2
2 Yannick Weber James Wisniewski 40 1 2 2
Penalty Kill 4 Players Forward
Center Wing Time % Phy DF OF
1 Drew Shore D.J King 60 1 2 2
2 Lars Eller Linus Omark 40 1 2 2
Penalty Kill 4 Players Defense
Defense Defense Time % Phy DF OF
1 Jonathan Blum Yann Sauvé 60 1 2 2
2 James Wisniewski Andrej Sustr 40 1 2 2
Penalty Kill - 3 Players Forward
Forward Time % Phy DF OF
1 Lars Eller 60 1 2 2
2 Drew Shore 40 1 2 2
Penalty Kill - 3 Players Defense
Defense Defense Time % Phy DF OF
1 Yann Sauvé Andrej Sustr 60 1 2 2
2 James Wisniewski Jonathan Blum 40 1 2 2
4 vs 4 Forward
Center Wing Time % Phy DF OF
1 Josh Bailey D.J King 60 1 2 2
2 Stephane Da Costa Linus Omark 40 1 2 2
4 vs 4 Defense
Defense Defense Time % Phy DF OF
1 Yann Sauvé Nick Leddy 60 1 2 2
2 Yannick Weber Jonathan Blum 40 1 2 2
Last Minutes Offensive
Center Left Wing Right Wing Defense Defense
Stephane Da Costa Linus Omark Jason Akeson Nick Leddy Jonathan Blum
Last Minutes Defensive
Center Left Wing Right Wing Defense Defense
Drew Shore Linus Omark D.J King James Wisniewski Yann Sauvé
Goaltenders
Starting : Corey Crawford
Backup : Jake Allen
Extra Forwards
Normal : Teemu Hartikainen, Drew Shore, Brock Trotter - PP : Josh Bailey, Linus Omark - PK : Brock Trotter
Extra Defensemen
Normal : Jonathan Blum, Yannick Weber, James Wisniewski - PP : Andrej Sustr - PK : Nick Leddy, Yannick Weber
Penalty Shots
Linus Omark, Lars Eller, Jason Akeson, Ryan Strome, James Wisniewski
Thunder
5 vs 5 Forward
Center Left Wing Right Wing Time % Phy DF OF
1 Daultan Leveillé Dany Roussin Pierre-Alexandre Parentea40 1 2 2
2 Evgeny Kuznetsov Magnus Paajarvi-Svensson Jay Beagle 30 1 2 2
3 Kelly Zajac David Wolf David Clarkson 20 1 2 2
4 Joe Labate Dalton Smith Robin Leblanc 10 1 2 2
5 vs 5 Defense
Defense Defense Time % Phy DF OF
1 David Fischer Joey Ryan 40 1 2 2
2 Tyson Barrie Peter Andersson 30 1 2 2
3 Josiah Didier David Fischer 20 1 2 2
4 Joey Ryan Tyson Barrie 10 1 2 2
PowerPlay Forward
Center Left Wing Right Wing Time % Phy DF OF
1 Daultan Leveillé Dany Roussin Pierre-Alexandre Parentea60 1 2 2
2 Evgeny Kuznetsov Magnus Paajarvi-Svensson Jay Beagle 40 1 2 2
PowerPlay Defense
Defense Defense Time % Phy DF OF
1 David Fischer Joey Ryan 60 1 2 2
2 Tyson Barrie Peter Andersson 40 1 2 2
Penalty Kill 4 Players Forward
Center Wing Time % Phy DF OF
1 Dany Roussin Pierre-Alexandre Parentea60 1 2 2
2 Jay Beagle David Clarkson 40 1 2 2
Penalty Kill 4 Players Defense
Defense Defense Time % Phy DF OF
1 David Fischer Joey Ryan 60 1 2 2
2 Tyson Barrie Peter Andersson 40 1 2 2
Penalty Kill - 3 Players Forward
Forward Time % Phy DF OF
1 Dany Roussin 60 1 2 2
2 Pierre-Alexandre Parentea 40 1 2 2
Penalty Kill - 3 Players Defense
Defense Defense Time % Phy DF OF
1 David Fischer Joey Ryan 60 1 2 2
2 Tyson Barrie Peter Andersson 40 1 2 2
4 vs 4 Forward
Center Wing Time % Phy DF OF
1 Dany Roussin Pierre-Alexandre Parentea60 1 2 2
2 Jay Beagle David Clarkson 40 1 2 2
4 vs 4 Defense
Defense Defense Time % Phy DF OF
1 David Fischer Joey Ryan 60 1 2 2
2 Tyson Barrie Peter Andersson 40 1 2 2
Last Minutes Offensive
Center Left Wing Right Wing Defense Defense
Daultan Leveillé Dany Roussin Pierre-Alexandre ParenteaDavid Fischer Joey Ryan
Last Minutes Defensive
Center Left Wing Right Wing Defense Defense
Daultan Leveillé Dany Roussin Pierre-Alexandre ParenteaDavid Fischer Joey Ryan
Goaltenders
Starting : Erik Ersberg
Backup : Devan Dubnyk
Extra Forwards
Normal : Jared Staal, Robin Leblanc, David Wolf - PP : Jared Staal, Robin Leblanc - PK : David Wolf
Extra Defensemen
Normal : Josiah Didier, Peter Andersson, David Fischer - PP : Josiah Didier - PK : Peter Andersson, David Fischer
Penalty Shots
Dany Roussin, Pierre-Alexandre Parenteau, Jay Beagle, David Clarkson, Robin Leblanc
% Time on Ice - Sasquatch
Lines # - Real PCT - Wanted PCT - Time Play
Normal Forward
1 - 37% - 40% - 17:23
2 - 30% - 30% - 14:07
3 - 18% - 20% - 8:40
4 - 15% - 10% - 6:55
Normal Defense
1 - 39% - 40% - 18:22
2 - 28% - 30% - 13:10
3 - 29% - 20% - 13:33
4 - 4% - 10% - 2:00
PP Forward
1 - 52% - 60% - 3:33
2 - 48% - 40% - 3:14
PP Defense
1 - 59% - 60% - 4:01
2 - 41% - 40% - 2:46
PK Forward
1 - 69% - 60% - 4:15
2 - 31% - 40% - 1:53
PK Defense
1 - 54% - 60% - 3:20
2 - 46% - 40% - 2:48
PK3 Forward
1 - 0% - 60%
2 - 0% - 40%
PK3 Defense
1 - 0% - 60%
2 - 0% - 40%
44 Forward
1 - 85% - 60% - 4:14
2 - 15% - 40% - 0:46
44 Defense
1 - 32% - 60% - 1:37
2 - 68% - 40% - 3:23
Last Minute Offensive - 0:00
Last Minute Defensive - 0:00
Total
Forward - 65:00
Defense - 65:00
|
% Time on Ice - Thunder
Lines # - Real PCT - Wanted PCT - Time Play
Normal Forward
1 - 38% - 40% - 18:02
2 - 28% - 30% - 12:58
3 - 20% - 20% - 9:29
4 - 14% - 10% - 6:36
Normal Defense
1 - 38% - 40% - 17:59
2 - 34% - 30% - 16:13
3 - 20% - 20% - 9:30
4 - 7% - 10% - 3:23
PP Forward
1 - 57% - 60% - 3:30
2 - 43% - 40% - 2:38
PP Defense
1 - 54% - 60% - 3:20
2 - 46% - 40% - 2:48
PK Forward
1 - 72% - 60% - 4:53
2 - 28% - 40% - 1:54
PK Defense
1 - 54% - 60% - 3:40
2 - 46% - 40% - 3:07
PK3 Forward
1 - 0% - 60%
2 - 0% - 40%
PK3 Defense
1 - 0% - 60%
2 - 0% - 40%
44 Forward
1 - 80% - 60% - 4:01
2 - 20% - 40% - 0:59
44 Defense
1 - 68% - 60% - 3:24
2 - 32% - 40% - 1:36
Last Minute Offensive - 0:00
Last Minute Defensive - 0:00
Total
Forward - 65:00
Defense - 65:00
|
Play by Play
1st period
0:01 of 1st period - Linus Omark wins face-off versus Daultan Leveillé in neutral zone.
0:08 of 1st period - Off-side.
0:09 of 1st period - Pierre-Alexandre Parenteau wins face-off versus Josh Bailey in neutral zone.
0:16 of 1st period - Snap shot by Pierre-Alexandre Parenteau.
0:16 of 1st period - Stopped by Corey Crawford with a rebound.
0:24 of 1st period - Slapshot by Dany Roussin.
0:24 of 1st period - Shot Misses the Net.
0:26 of 1st period - Slapshot by Pierre-Alexandre Parenteau.
0:26 of 1st period - Shot Misses the Net.
0:28 of 1st period - Snap shot by Daultan Leveillé.
0:28 of 1st period - Shot Misses the Net.
1:10 of 1st period - Wrist shot by Linus Omark.
1:10 of 1st period - Shot Misses the Net.
1:24 of 1st period - Wrist shot by Linus Omark.
1:24 of 1st period - Stopped by Erik Ersberg with a rebound.
1:32 of 1st period - Wrist shot by Pierre-Alexandre Parenteau.
1:32 of 1st period - Shot Blocked by Jason Akeson.
1:34 of 1st period - Slapshot by Pierre-Alexandre Parenteau.
1:34 of 1st period - Shot Misses the Net.
1:36 of 1st period - Wrist shot by Pierre-Alexandre Parenteau.
1:36 of 1st period - Shot Misses the Net.
1:38 of 1st period - Wrist shot by Daultan Leveillé.
1:38 of 1st period - Stopped by Corey Crawford with a rebound.
1:40 of 1st period - Snap shot by Daultan Leveillé.
1:40 of 1st period - Stopped by Corey Crawford without a rebound.
1:41 of 1st period - Evgeny Kuznetsov wins face-off versus Lars Eller in Sasquatch zone.
2:54 of 1st period - Snap shot by D.J King.
2:54 of 1st period - Shot Blocked by Josiah Didier.
3:21 of 1st period - Yannick Weber is hit by Robin Leblanc and loses puck.
3:36 of 1st period - Jay Beagle is hit by D.J King and loses puck.
3:58 of 1st period - Yann Sauvé is hit by Joe Labate and loses puck.
4:13 of 1st period - Jonathan Blum is hit by Jay Beagle and loses puck.
4:39 of 1st period - Peter Andersson is hit by Josh Bailey and loses puck.
4:52 of 1st period - Yannick Weber is hit by Robin Leblanc and loses puck.
4:53 of 1st period - Yannick Weber from Sasquatch is injured at 4:53 of 1st period (Sprained Right Finger).
4:54 of 1st period - Lars Eller wins face-off versus Evgeny Kuznetsov in Sasquatch zone.
5:25 of 1st period - Snap shot by Josh Bailey.
5:25 of 1st period - Stopped by Erik Ersberg with a rebound.
5:51 of 1st period - Snap shot by Tyson Barrie.
5:51 of 1st period - Shot Blocked by Jonathan Blum.
5:55 of 1st period - Wrist shot by Tyson Barrie.
5:55 of 1st period - Shot Misses the Net.
6:01 of 1st period - Minor Penalty to Stephane Da Costa for High sticking.
6:02 of 1st period - Daultan Leveillé wins face-off versus D.J King in Sasquatch zone.
6:07 of 1st period - Wrist shot by Pierre-Alexandre Parenteau.
6:07 of 1st period - Stopped by Corey Crawford with a rebound.
6:09 of 1st period - Slapshot by Joey Ryan.
6:09 of 1st period - Shot Blocked by D.J King.
6:40 of 1st period - Slapshot by Evgeny Kuznetsov.
6:40 of 1st period - Stopped by Corey Crawford with a rebound.
8:01 of 1st period - Penalty to Stephane Da Costa is over, Stephane Da Costa is back on ice.
8:15 of 1st period - Minor Penalty to Peter Andersson for Tripping.
8:16 of 1st period - Dany Roussin wins face-off versus Lars Eller in Thunder zone.
10:15 of 1st period - Penalty to Peter Andersson is over, Peter Andersson is back on ice.
10:29 of 1st period - Peter Andersson is hit by Jesper Fast and loses puck.
11:12 of 1st period - Stephane Da Costa is hit by Jared Staal and loses puck.
11:21 of 1st period - David Fischer is hit by Brock Trotter and loses puck.
11:32 of 1st period - Linus Omark is hit by David Fischer and loses puck.
11:51 of 1st period - Wrist shot by Robin Leblanc.
11:51 of 1st period - Shot Misses the Net.
11:53 of 1st period - Wrist shot by Robin Leblanc.
11:53 of 1st period - Shot Misses the Net.
12:12 of 1st period - Wrist shot by Linus Omark.
12:12 of 1st period - Shot Blocked by Evgeny Kuznetsov.
12:25 of 1st period - David Fischer is hit by Linus Omark and loses puck.
12:34 of 1st period - Linus Omark is hit by Joey Ryan and loses puck.
12:41 of 1st period - Snap shot by Daultan Leveillé.
12:41 of 1st period - Stopped by Corey Crawford without a rebound.
12:42 of 1st period - Lars Eller wins face-off versus Joe Labate in Sasquatch zone.
12:49 of 1st period - Slapshot by Tyson Barrie.
12:49 of 1st period - Deflect By Robin Leblanc.
12:49 of 1st period - Shot Misses the Net.
12:49 of 1st period - Puck is out of play.
12:50 of 1st period - Robin Leblanc wins face-off versus Lars Eller in Sasquatch zone.
13:06 of 1st period - Minor Penalty to Garnet Hathaway for Hooking.
13:07 of 1st period - Drew Shore wins face-off versus Daultan Leveillé in Sasquatch zone.
13:23 of 1st period - Snap shot by Dany Roussin.
13:23 of 1st period - Shot Blocked by Drew Shore.
15:02 of 1st period - Dany Roussin is hit by Stephane Da Costa and loses puck.
15:06 of 1st period - Penalty to Garnet Hathaway is over, Garnet Hathaway is back on ice.
15:10 of 1st period - Icing by Pierre-Alexandre Parenteau.
15:11 of 1st period - Daultan Leveillé wins face-off versus Josh Bailey in Thunder zone.
15:21 of 1st period - Tyson Barrie is hit by James Wisniewski and loses puck.
15:38 of 1st period - Snap shot by Stephane Da Costa.
15:38 of 1st period - Goal by Stephane Da Costa - Sasquatch : 1 - Thunder : 0.
15:39 of 1st period - Josh Bailey wins face-off versus Evgeny Kuznetsov in neutral zone.
15:51 of 1st period - Snap shot by Jay Beagle.
15:51 of 1st period - Stopped by Corey Crawford with a rebound.
15:53 of 1st period - Slapshot by David Fischer.
15:53 of 1st period - Shot Blocked by James Wisniewski.
15:55 of 1st period - Snap shot by Jay Beagle.
15:55 of 1st period - Goal by Jay Beagle - Sasquatch : 1 - Thunder : 1.
15:56 of 1st period - Dany Roussin wins face-off versus Josh Bailey in neutral zone.
16:09 of 1st period - Slapshot by Pierre-Alexandre Parenteau.
16:09 of 1st period - Shot Blocked by Linus Omark.
16:31 of 1st period - Minor Penalty to Garnet Hathaway for Holding.
16:32 of 1st period - Daultan Leveillé wins face-off versus Drew Shore in Sasquatch zone.
16:42 of 1st period - Snap shot by Dany Roussin.
16:42 of 1st period - Goal by Dany Roussin - Sasquatch : 1 - Thunder : 2.
16:43 of 1st period - Daultan Leveillé wins face-off versus Josh Bailey in neutral zone.
16:58 of 1st period - Wrist shot by Pierre-Alexandre Parenteau.
16:58 of 1st period - Stopped by Corey Crawford without a rebound.
16:59 of 1st period - Lars Eller wins face-off versus Evgeny Kuznetsov in Sasquatch zone.
17:10 of 1st period - Snap shot by Jay Beagle.
17:10 of 1st period - Stopped by Corey Crawford with a rebound.
17:12 of 1st period - Snap shot by Jay Beagle.
17:12 of 1st period - Stopped by Corey Crawford without a rebound.
17:13 of 1st period - Daultan Leveillé wins face-off versus Josh Bailey in Sasquatch zone.
17:16 of 1st period - Snap shot by Dany Roussin.
17:16 of 1st period - Shot Misses the Net.
17:24 of 1st period - Slapshot by Jonathan Blum.
17:24 of 1st period - Stopped by Erik Ersberg without a rebound.
17:25 of 1st period - Lars Eller wins face-off versus Evgeny Kuznetsov in Thunder zone.
17:31 of 1st period - Minor Penalty to Jay Beagle for Tripping.
17:32 of 1st period - Dany Roussin wins face-off versus Lars Eller in Thunder zone.
19:31 of 1st period - Penalty to Jay Beagle is over, Jay Beagle is back on ice.
19:42 of 1st period - Jonathan Blum is hit by Robin Leblanc and loses puck.
19:49 of 1st period - Slapshot by Nick Leddy.
19:49 of 1st period - Stopped by Erik Ersberg with a rebound.
19:51 of 1st period - Slapshot by Drew Shore.
19:51 of 1st period - Shot Blocked by Josiah Didier.
Goals for this period are 1 for Sasquatch vs 2 for Thunder.
Shots for this period are 5 for Sasquatch vs 12 for Thunder.
2nd period
0:01 of 2nd period - Josh Bailey wins face-off versus Daultan Leveillé in neutral zone.
0:08 of 2nd period - Snap shot by Linus Omark.
0:08 of 2nd period - Deflect By Josh Bailey.
0:08 of 2nd period - Stopped by Erik Ersberg with a rebound.
0:28 of 2nd period - Wrist shot by David Clarkson.
0:28 of 2nd period - Shot Misses the Net.
3:14 of 2nd period - Joey Ryan is hit by D.J King and loses puck.
4:06 of 2nd period - Icing by Evgeny Kuznetsov.
4:07 of 2nd period - Stephane Da Costa wins face-off versus Daultan Leveillé in Thunder zone.
4:08 of 2nd period - Wrist shot by Brock Trotter.
4:08 of 2nd period - Shot Misses the Net.
4:32 of 2nd period - Daultan Leveillé is hit by Lars Eller and loses puck.
4:33 of 2nd period - Daultan Leveillé from Thunder is injured at 4:33 of 2nd period (Strained Right Elbow).
4:34 of 2nd period - Josh Bailey wins face-off versus Evgeny Kuznetsov in Thunder zone.
4:59 of 2nd period - David Fischer is hit by Garnet Hathaway and loses puck.
5:04 of 2nd period - Wrist shot by D.J King.
5:04 of 2nd period - Shot Misses the Net.
5:06 of 2nd period - Slapshot by James Wisniewski.
5:06 of 2nd period - Stopped by Erik Ersberg without a rebound.
5:07 of 2nd period - Lars Eller wins face-off versus Evgeny Kuznetsov in Thunder zone.
5:12 of 2nd period - Snap shot by Garnet Hathaway.
5:12 of 2nd period - Deflect By Lars Eller.
5:12 of 2nd period - Shot Misses the Net.
5:12 of 2nd period - Puck is out of play.
5:13 of 2nd period - Lars Eller wins face-off versus Evgeny Kuznetsov in Thunder zone.
5:14 of 2nd period - Wrist shot by D.J King.
5:14 of 2nd period - Shot Misses the Net.
5:16 of 2nd period - Slapshot by Jonathan Blum.
5:16 of 2nd period - Deflect By Lars Eller.
5:16 of 2nd period - Stopped by Erik Ersberg with a rebound.
5:18 of 2nd period - Slapshot by Garnet Hathaway.
5:18 of 2nd period - Shot Misses the Net.
5:20 of 2nd period - Snap shot by Lars Eller.
5:20 of 2nd period - Shot Blocked by Tyson Barrie.
5:28 of 2nd period - Slapshot by Peter Andersson.
5:28 of 2nd period - Stopped by Corey Crawford with a rebound.
6:27 of 2nd period - Backhand shot by Robin Leblanc.
6:27 of 2nd period - Shot Hit the Post.
6:29 of 2nd period - Wrist shot by Robin Leblanc.
6:29 of 2nd period - Shot Blocked by Drew Shore.
6:47 of 2nd period - Lars Eller is hit by Magnus Paajarvi-Svensson and loses puck.
7:05 of 2nd period - Wrist shot by D.J King.
7:05 of 2nd period - Shot Misses the Net.
7:19 of 2nd period - Linus Omark is hit by David Fischer and loses puck.
7:43 of 2nd period - Wrist shot by Brock Trotter.
7:43 of 2nd period - Stopped by Erik Ersberg with a rebound.
8:21 of 2nd period - Jason Akeson is hit by Jared Staal.
8:25 of 2nd period - Josh Bailey is hit by Dany Roussin and loses puck.
8:42 of 2nd period - Stephane Da Costa is hit by David Wolf and loses puck.
8:53 of 2nd period - Snap shot by David Clarkson.
8:53 of 2nd period - Deflect By Drew Shore.
8:53 of 2nd period - Stopped by Corey Crawford with a rebound.
9:07 of 2nd period - Wrist shot by Lars Eller.
9:07 of 2nd period - Shot Blocked by Dany Roussin.
9:13 of 2nd period - Wrist shot by Lars Eller.
9:13 of 2nd period - Stopped by Erik Ersberg without a rebound.
9:14 of 2nd period - Joe Labate wins face-off versus Josh Bailey in Thunder zone.
9:27 of 2nd period - Slapshot by Joey Ryan.
9:27 of 2nd period - Deflect By Robin Leblanc.
9:27 of 2nd period - Deflect By James Wisniewski.
9:27 of 2nd period - Stopped by Corey Crawford without a rebound.
9:28 of 2nd period - Josh Bailey wins face-off versus Jared Staal in Sasquatch zone.
9:41 of 2nd period - Snap shot by Josh Bailey.
9:41 of 2nd period - Shot Misses the Net.
10:03 of 2nd period - Wrist shot by Jay Beagle.
10:03 of 2nd period - Shot Misses the Net.
10:31 of 2nd period - Nick Leddy is hit by David Clarkson and loses puck.
10:51 of 2nd period - Wrist shot by Josh Bailey.
10:51 of 2nd period - Shot Misses the Net.
10:53 of 2nd period - Wrist shot by Jason Akeson.
10:53 of 2nd period - Stopped by Erik Ersberg with a rebound.
11:22 of 2nd period - Robin Leblanc is hit by Jonathan Blum and loses puck.
12:22 of 2nd period - Wrist shot by D.J King.
12:22 of 2nd period - Deflect By Lars Eller.
12:22 of 2nd period - Shot Blocked by David Fischer.
12:22 of 2nd period - Puck is out of play.
12:23 of 2nd period - Jared Staal wins face-off versus Lars Eller in Thunder zone.
12:43 of 2nd period - David Fischer is hit by Lars Eller and loses puck.
13:10 of 2nd period - Andrej Sustr is hit by Joey Ryan and loses puck.
13:27 of 2nd period - Jonathan Blum is hit by Jared Staal and loses puck.
13:42 of 2nd period - Snap shot by D.J King.
13:42 of 2nd period - Goal by D.J King - Sasquatch : 2 - Thunder : 2.
13:43 of 2nd period - Evgeny Kuznetsov wins face-off versus Josh Bailey in neutral zone.
13:52 of 2nd period - Snap shot by Jay Beagle.
13:52 of 2nd period - Stopped by Corey Crawford without a rebound.
13:53 of 2nd period - Josh Bailey wins face-off versus Evgeny Kuznetsov in Sasquatch zone.
13:53 of 2nd period - Josh Bailey is hit by Peter Andersson.
14:01 of 2nd period - Slapshot by Jason Akeson.
14:01 of 2nd period - Stopped by Erik Ersberg without a rebound.
14:02 of 2nd period - Evgeny Kuznetsov wins face-off versus Josh Bailey in Thunder zone.
14:02 of 2nd period - Evgeny Kuznetsov is hit by Linus Omark.
14:05 of 2nd period - Minor Penalty to Joey Ryan for High sticking.
14:06 of 2nd period - Lars Eller wins face-off versus Dany Roussin in Thunder zone.
14:09 of 2nd period - Slapshot by Jonathan Blum.
14:09 of 2nd period - Deflect By Linus Omark.
14:09 of 2nd period - Stopped by Erik Ersberg without a rebound.
14:10 of 2nd period - Dany Roussin wins face-off versus Linus Omark in Thunder zone.
14:37 of 2nd period - Wrist shot by D.J King.
14:37 of 2nd period - Shot Hit the Post.
14:39 of 2nd period - Slapshot by Jonathan Blum.
14:39 of 2nd period - Deflect By D.J King.
14:39 of 2nd period - Stopped by Erik Ersberg with a rebound.
14:41 of 2nd period - Backhand shot by Jonathan Blum.
14:41 of 2nd period - Stopped by Erik Ersberg without a rebound.
14:42 of 2nd period - Dany Roussin wins face-off versus Stephane Da Costa in Thunder zone.
14:55 of 2nd period - Slapshot by James Wisniewski.
14:55 of 2nd period - Deflect By Peter Andersson.
14:55 of 2nd period - Goal by James Wisniewski - Sasquatch : 3 - Thunder : 2.
14:56 of 2nd period - Magnus Paajarvi-Svensson wins face-off versus Josh Bailey in neutral zone.
15:01 of 2nd period - Snap shot by Jay Beagle.
15:01 of 2nd period - Shot Misses the Net.
15:03 of 2nd period - Wrist shot by David Fischer.
15:03 of 2nd period - Stopped by Corey Crawford with a rebound.
15:05 of 2nd period - Snap shot by Evgeny Kuznetsov.
15:05 of 2nd period - Stopped by Corey Crawford with a rebound.
15:07 of 2nd period - Snap shot by Evgeny Kuznetsov.
15:07 of 2nd period - Shot Misses the Net.
15:09 of 2nd period - Snap shot by Magnus Paajarvi-Svensson.
15:09 of 2nd period - Shot Misses the Net.
16:19 of 2nd period - Tyson Barrie is hit by Ryan Strome.
16:50 of 2nd period - Dany Roussin is hit by Josh Bailey and loses puck.
18:19 of 2nd period - Joey Ryan is hit by Andrej Sustr.
18:34 of 2nd period - Linus Omark is hit by Robin Leblanc and loses puck.
18:39 of 2nd period - Snap shot by Robin Leblanc.
18:39 of 2nd period - Stopped by Corey Crawford without a rebound.
18:40 of 2nd period - Jared Staal wins face-off versus Drew Shore in Sasquatch zone.
18:41 of 2nd period - Slapshot by Pierre-Alexandre Parenteau.
18:41 of 2nd period - Shot Misses the Net.
18:47 of 2nd period - Wrist shot by Drew Shore.
18:47 of 2nd period - Deflect By Teemu Hartikainen.
18:47 of 2nd period - Stopped by Erik Ersberg without a rebound.
18:48 of 2nd period - Jared Staal wins face-off versus Drew Shore in Thunder zone.
18:48 of 2nd period - Jared Staal is hit by Drew Shore.
18:54 of 2nd period - Wrist shot by David Fischer.
18:54 of 2nd period - Shot Blocked by Drew Shore.
19:00 of 2nd period - Drew Shore is hit by Dany Roussin and loses puck.
19:26 of 2nd period - Slapshot by Teemu Hartikainen.
19:26 of 2nd period - Stopped by Erik Ersberg with a rebound.
19:28 of 2nd period - Snap shot by Yann Sauvé.
19:28 of 2nd period - Deflect By Jesper Fast.
19:28 of 2nd period - Shot Blocked by Joey Ryan.
19:28 of 2nd period - Puck is out of play.
19:29 of 2nd period - Evgeny Kuznetsov wins face-off versus Josh Bailey in Thunder zone.
19:29 of 2nd period - Evgeny Kuznetsov is hit by Linus Omark.
19:59 of 2nd period - Snap shot by Lars Eller.
19:59 of 2nd period - Stopped by Erik Ersberg with a rebound.
Goals for this period are 2 for Sasquatch vs 0 for Thunder.
Shots for this period are 15 for Sasquatch vs 7 for Thunder.
3rd period
0:01 of 3rd period - Evgeny Kuznetsov wins face-off versus Josh Bailey in neutral zone.
0:06 of 3rd period - Snap shot by Jay Beagle.
0:06 of 3rd period - Shot Misses the Net.
0:08 of 3rd period - Slapshot by Joey Ryan.
0:08 of 3rd period - Shot Misses the Net.
0:10 of 3rd period - Snap shot by Jay Beagle.
0:10 of 3rd period - Goal by Jay Beagle - Sasquatch : 3 - Thunder : 3.
0:11 of 3rd period - Jared Staal wins face-off versus Josh Bailey in neutral zone.
0:24 of 3rd period - Wrist shot by Dany Roussin.
0:24 of 3rd period - Shot Misses the Net.
0:26 of 3rd period - Slapshot by Joey Ryan.
0:26 of 3rd period - Shot Misses the Net.
0:36 of 3rd period - D.J King is hit by David Fischer and loses puck.
1:00 of 3rd period - Snap shot by Brock Trotter.
1:00 of 3rd period - Stopped by Erik Ersberg with a rebound.
1:02 of 3rd period - Snap shot by Jonathan Blum.
1:02 of 3rd period - Stopped by Erik Ersberg with a rebound.
1:04 of 3rd period - Slapshot by James Wisniewski.
1:04 of 3rd period - Shot Misses the Net.
1:06 of 3rd period - Wrist shot by Brock Trotter.
1:06 of 3rd period - Stopped by Erik Ersberg without a rebound.
1:07 of 3rd period - Josh Bailey wins face-off versus Jared Staal in Thunder zone.
1:29 of 3rd period - Icing by Josh Bailey.
1:30 of 3rd period - Josh Bailey wins face-off versus Evgeny Kuznetsov in Sasquatch zone.
2:48 of 3rd period - Snap shot by Lars Eller.
2:48 of 3rd period - Shot Misses the Net.
2:56 of 3rd period - Wrist shot by Lars Eller.
2:56 of 3rd period - Shot Misses the Net.
2:58 of 3rd period - Slapshot by Jonathan Blum.
2:58 of 3rd period - Deflect By Magnus Paajarvi-Svensson.
2:58 of 3rd period - Stopped by Erik Ersberg without a rebound.
2:59 of 3rd period - Jared Staal wins face-off versus Josh Bailey in Thunder zone.
3:13 of 3rd period - Icing by Nick Leddy.
3:14 of 3rd period - Jared Staal wins face-off versus Josh Bailey in Sasquatch zone.
3:26 of 3rd period - Slapshot by Yann Sauvé.
3:26 of 3rd period - Stopped by Erik Ersberg without a rebound.
3:27 of 3rd period - Jared Staal wins face-off versus Josh Bailey in Thunder zone.
3:31 of 3rd period - Off-side.
3:32 of 3rd period - Jason Akeson wins face-off versus Jared Staal in neutral zone.
3:40 of 3rd period - Slapshot by David Fischer.
3:40 of 3rd period - Stopped by Corey Crawford with a rebound.
3:46 of 3rd period - Slapshot by Dany Roussin.
3:46 of 3rd period - Deflect By Pierre-Alexandre Parenteau.
3:46 of 3rd period - Stopped by Corey Crawford with a rebound.
3:48 of 3rd period - Slapshot by David Fischer.
3:48 of 3rd period - Shot Blocked by Yann Sauvé.
3:54 of 3rd period - Minor Penalty to Linus Omark for Interference.
3:55 of 3rd period - Drew Shore wins face-off versus Jared Staal in Sasquatch zone.
3:55 of 3rd period - Drew Shore is hit by Jared Staal.
4:01 of 3rd period - Dany Roussin is hit by D.J King.
4:59 of 3rd period - Off-side.
5:00 of 3rd period - Lars Eller wins face-off versus Evgeny Kuznetsov in neutral zone.
5:54 of 3rd period - Penalty to Linus Omark is over, Linus Omark is back on ice.
6:30 of 3rd period - Wrist shot by Brock Trotter.
6:30 of 3rd period - Stopped by Erik Ersberg without a rebound.
6:31 of 3rd period - Evgeny Kuznetsov wins face-off versus Stephane Da Costa in Thunder zone.
6:38 of 3rd period - Snap shot by Brock Trotter.
6:38 of 3rd period - Shot Blocked by Joey Ryan.
6:40 of 3rd period - Slapshot by Yann Sauvé.
6:40 of 3rd period - Deflect By Ryan Strome.
6:40 of 3rd period - Shot Misses the Net.
6:40 of 3rd period - Puck is out of play.
6:41 of 3rd period - Josh Bailey wins face-off versus Evgeny Kuznetsov in Thunder zone.
6:52 of 3rd period - Slapshot by Linus Omark.
6:52 of 3rd period - Stopped by Erik Ersberg with a rebound.
6:54 of 3rd period - Slapshot by Linus Omark.
6:54 of 3rd period - Stopped by Erik Ersberg without a rebound.
6:55 of 3rd period - Jared Staal wins face-off versus Josh Bailey in Thunder zone.
7:22 of 3rd period - Nick Leddy is hit by Joey Ryan and loses puck.
7:56 of 3rd period - Stephane Da Costa is hit by Evgeny Kuznetsov and loses puck.
8:35 of 3rd period - Snap shot by Robin Leblanc.
8:35 of 3rd period - Shot Blocked by James Wisniewski.
9:35 of 3rd period - Jared Staal is hit by Josh Bailey and loses puck.
9:40 of 3rd period - Snap shot by Jason Akeson.
9:40 of 3rd period - Stopped by Erik Ersberg with a rebound.
9:50 of 3rd period - Snap shot by Lars Eller.
9:50 of 3rd period - Goal by Lars Eller - Sasquatch : 4 - Thunder : 3.
9:51 of 3rd period - Josh Bailey wins face-off versus Evgeny Kuznetsov in neutral zone.
10:16 of 3rd period - Evgeny Kuznetsov is hit by Brock Trotter and loses puck.
10:47 of 3rd period - Wrist shot by Lars Eller.
10:47 of 3rd period - Shot Misses the Net.
11:14 of 3rd period - Off-side.
11:15 of 3rd period - Drew Shore wins face-off versus Jared Staal in neutral zone.
11:20 of 3rd period - Snap shot by Drew Shore.
11:20 of 3rd period - Deflect By Peter Andersson.
11:20 of 3rd period - Shot Blocked by Jared Staal.
11:20 of 3rd period - Puck is out of play.
11:21 of 3rd period - Jared Staal wins face-off versus Drew Shore in Thunder zone.
11:28 of 3rd period - Slapshot by Tyson Barrie.
11:28 of 3rd period - Stopped by Corey Crawford with a rebound.
11:52 of 3rd period - Slapshot by Dany Roussin.
11:52 of 3rd period - Stopped by Corey Crawford without a rebound.
11:53 of 3rd period - Evgeny Kuznetsov wins face-off versus Josh Bailey in Sasquatch zone.
12:06 of 3rd period - Yann Sauvé is hit by Magnus Paajarvi-Svensson and loses puck.
12:19 of 3rd period - D.J King is hit by David Wolf.
12:23 of 3rd period - Wrist shot by Lars Eller.
12:23 of 3rd period - Shot Misses the Net.
12:25 of 3rd period - Wrist shot by Lars Eller.
12:25 of 3rd period - Stopped by Erik Ersberg with a rebound.
12:27 of 3rd period - Wrist shot by Lars Eller.
12:27 of 3rd period - Shot Misses the Net.
12:41 of 3rd period - Joey Ryan is hit by Andrej Sustr and loses puck.
13:02 of 3rd period - Snap shot by Dalton Smith.
13:02 of 3rd period - Goal by Dalton Smith - Sasquatch : 4 - Thunder : 4.
13:03 of 3rd period - Josh Bailey wins face-off versus Dany Roussin in neutral zone.
13:50 of 3rd period - Wrist shot by Brock Trotter.
13:50 of 3rd period - Shot Blocked by David Fischer.
14:08 of 3rd period - James Wisniewski is hit by Jared Staal and loses puck.
14:49 of 3rd period - Off-side.
14:50 of 3rd period - Lars Eller wins face-off versus Evgeny Kuznetsov in neutral zone.
15:00 of 3rd period - Icing by Jay Beagle.
15:01 of 3rd period - Stephane Da Costa wins face-off versus Evgeny Kuznetsov in Thunder zone.
15:26 of 3rd period - Slapshot by David Fischer.
15:26 of 3rd period - Stopped by Corey Crawford without a rebound.
15:27 of 3rd period - Josh Bailey wins face-off versus Kelly Zajac in Sasquatch zone.
15:48 of 3rd period - Minor Penalty to David Clarkson for Interference.
15:49 of 3rd period - Lars Eller wins face-off versus Dany Roussin in Thunder zone.
15:52 of 3rd period - Slapshot by Jason Akeson.
15:52 of 3rd period - Shot Blocked by Joey Ryan.
15:54 of 3rd period - Wrist shot by Lars Eller.
15:54 of 3rd period - Shot Blocked by Pierre-Alexandre Parenteau.
15:56 of 3rd period - Wrist shot by Jason Akeson.
15:56 of 3rd period - Shot Misses the Net.
15:58 of 3rd period - Slapshot by Nick Leddy.
15:58 of 3rd period - Stopped by Erik Ersberg with a rebound.
16:18 of 3rd period - Stephane Da Costa is hit by Tyson Barrie and loses puck.
16:25 of 3rd period - Snap shot by Jonathan Blum.
16:25 of 3rd period - Shot Blocked by Peter Andersson.
16:27 of 3rd period - Slapshot by Jonathan Blum.
16:27 of 3rd period - Stopped by Erik Ersberg with a rebound.
17:48 of 3rd period - Penalty to David Clarkson is over, David Clarkson is back on ice.
18:04 of 3rd period - Tyson Barrie is hit by Andrej Sustr and loses puck.
18:22 of 3rd period - Nick Leddy is hit by Tyson Barrie and loses puck.
19:56 of 3rd period - Icing by Ryan Strome.
19:57 of 3rd period - Stephane Da Costa wins face-off versus Evgeny Kuznetsov in Sasquatch zone.
Goals for this period are 1 for Sasquatch vs 2 for Thunder.
Shots for this period are 13 for Sasquatch vs 7 for Thunder.
Overtime #1
0:01 of 1st overtime period - Josh Bailey wins face-off versus Dany Roussin in neutral zone.
0:09 of 1st overtime period - Snap shot by Josh Bailey.
0:09 of 1st overtime period - Stopped by Erik Ersberg with a rebound.
0:11 of 1st overtime period - Slapshot by Nick Leddy.
0:11 of 1st overtime period - Stopped by Erik Ersberg with a rebound.
1:09 of 1st overtime period - Snap shot by Peter Andersson.
1:09 of 1st overtime period - Shot Blocked by James Wisniewski.
2:30 of 1st overtime period - Dany Roussin is hit by Brock Trotter and loses puck.
3:36 of 1st overtime period - Evgeny Kuznetsov is hit by Linus Omark and loses puck.
4:04 of 1st overtime period - Snap shot by Robin Leblanc.
4:04 of 1st overtime period - Stopped by Corey Crawford with a rebound.
4:06 of 1st overtime period - Backhand shot by Robin Leblanc.
4:06 of 1st overtime period - Shot Misses the Net.
4:10 of 1st overtime period - Slapshot by Robin Leblanc.
4:10 of 1st overtime period - Deflect By David Wolf.
4:10 of 1st overtime period - Stopped by Corey Crawford with a rebound.
4:19 of 1st overtime period - Off-side.
4:20 of 1st overtime period - Stephane Da Costa wins face-off versus Jared Staal in neutral zone.
4:22 of 1st overtime period - Off-side.
4:23 of 1st overtime period - Stephane Da Costa wins face-off versus Jared Staal in neutral zone.
4:26 of 1st overtime period - Slapshot by Jonathan Blum.
4:26 of 1st overtime period - Deflect By Stephane Da Costa.
4:26 of 1st overtime period - Stopped by Erik Ersberg without a rebound.
4:27 of 1st overtime period - Linus Omark wins face-off versus Jared Staal in Thunder zone.
4:38 of 1st overtime period - Slapshot by Linus Omark.
4:38 of 1st overtime period - Stopped by Erik Ersberg without a rebound.
4:39 of 1st overtime period - Dany Roussin wins face-off versus Josh Bailey in Thunder zone.
4:48 of 1st overtime period - Snap shot by Pierre-Alexandre Parenteau.
4:48 of 1st overtime period - Stopped by Corey Crawford without a rebound.
4:49 of 1st overtime period - Dany Roussin wins face-off versus Josh Bailey in Sasquatch zone.
4:58 of 1st overtime period - Slapshot by Pierre-Alexandre Parenteau.
4:58 of 1st overtime period - Shot Blocked by Yann Sauvé.
Goals for this period are 0 for Sasquatch vs 0 for Thunder.
Shots for this period are 4 for Sasquatch vs 3 for Thunder.
ShootOut
5:00 of 1st overtime period - Penalty Shot by Linus Omark for Sasquatch.
5:00 of 1st overtime period - Snap shot by Linus Omark.
5:00 of 1st overtime period - Stopped by Erik Ersberg.
5:00 of 1st overtime period - Penalty Shot by Dany Roussin for Thunder.
5:00 of 1st overtime period - Backhand shot by Dany Roussin.
5:00 of 1st overtime period - Shot Misses the Net.
5:00 of 1st overtime period - Penalty Shot by Lars Eller for Sasquatch.
5:00 of 1st overtime period - Wrist shot by Lars Eller.
5:00 of 1st overtime period - Stopped by Erik Ersberg.
5:00 of 1st overtime period - Penalty Shot by Pierre-Alexandre Parenteau for Thunder.
5:00 of 1st overtime period - Wrist shot by Pierre-Alexandre Parenteau.
5:00 of 1st overtime period - Shot Misses the Net.
5:00 of 1st overtime period - Penalty Shot by Jason Akeson for Sasquatch.
5:00 of 1st overtime period - Deke by Jason Akeson.
5:00 of 1st overtime period - Goal by Jason Akeson.
5:00 of 1st overtime period - Penalty Shot by Jay Beagle for Thunder.
5:00 of 1st overtime period - Snap shot by Jay Beagle.
5:00 of 1st overtime period - Shot Misses the Net.
Back to the Top